 Dungeon Crawl Stone Soup version 0.31-a0-543-geaa9c7a (webtiles) character file.

Game seed: 9978229758239501588

1825619 Wizard1ke the Wishgranter (level 27, 206/208 HPs)
             Began as a Djinni Ice Elementalist on Aug 14, 2023.
             Was a High Priest of Qazlal.
             Escaped with the Orb
             ... and 3 runes!
             The game lasted 03:47:50 (63067 turns).

Wizard1ke the Wishgranter (DjIE)                   Turns: 63067, Time: 03:47:51

Health: 206/208    AC: 13    Str: 11      XL:     27
Gold:   8195       EV: 11    Int: 29 (32) God:    Qazlal [*****.] SH: 37 Dex: 26

rFire   + + +        N - staff of the Living Dead {Dex+4 Earth}
rCold   + + .        a - +6 tower shield
rNeg    . . .        K - +3 leather armour of Lust {rElec}
rPois   ∞            k - +2 hat of Iliehumm {Will+ Dex+7}
rElec   +            j - +0 cloak "Wamaa" {Harm rC+ Str+2 Int-2}
rCorr   .            F - +2 pair of gloves "Cobral" {SInv}
SInv    +            (boots unavailable)
Will    ++++.        J - amulet of Lenad {Regen+ Stlth+}
Stlth   +            n - ring "Nuleic" {rF+ rC+ Dex-3 SInv Stlth+}
HPRegen 1.34/turn    i - ring "Deul" {rC+ Str+3 Dex+6}
MPRegen 0.00/turn

%: harm (+30% outgoing, +20% incoming), repel missiles
@: flying, studying 3 skills
A: sickness immunity, fire resistance 2, cold vulnerability 1, float, innate
caster, HP casting, extra vitality 1, clever 1, clumsy 1, strong-willed 1
0: Orb of Zot
}: 3/15 runes: decaying, silver, gossamer
a: Renounce Religion, Upheaval, Elemental Force, Disaster Area


You escaped.
You worshipped Qazlal.
Qazlal was extremely pleased with you.
You visited 11 branches of the dungeon, and saw 51 of its levels.
You also visited: Bailey, Gauntlet, Ice Cave and Wizlab.

You collected 10290 gold pieces.
You spent 2095 gold pieces at shops.

Inventory:

Missiles
 v - 20 curare-tipped darts
 O - a throwing net
Armour
 a - a +6 tower shield (worn)
 b - a +1 kite shield of protection
 c - a +0 robe of the Archmagi
 j - the +0 cloak "Wamaa" (worn) {Harm rC+ Str+2 Int-2}
   (You found it on level 2 of the Dungeon)

   Str+2:     It affects your strength (+2).
   Int-2:     It affects your intelligence (-2).
   rC+:       It protects you from cold.
   Harm:      It increases damage dealt and taken.
 k - the +2 hat of Iliehumm (worn) {Will+ Dex+7}
   (You acquired it on level 4 of the Vaults)

   Dex+7:     It affects your dexterity (+7).
   Will+:     It increases your willpower.
 r - a +0 tower shield of reflection
 E - the +3 scale mail of Nagum {rElec rN+ Dex+4 Slay-5}
   (You found it on level 3 of the Elven Halls)

   Dex+4:     It affects your dexterity (+4).
   Slay-5:    It affects your accuracy & damage with ranged weapons and melee
   (-5).
   rElec:     It insulates you from electricity.
   rN+:       It protects you from negative energy.
 F - the +2 pair of gloves "Cobral" (worn) {SInv}
   (You acquired it on level 3 of the Vaults)

   SInv:      It lets you see invisible.
 K - the +3 leather armour of Lust (worn) {rElec}
   (You took it off an orc warrior in a bailey)

   rElec:     It insulates you from electricity.
Magical Staves
 N - the staff of the Living Dead (weapon) {Dex+4 Earth}
   (You found it on level 5 of the Vaults)

   [staff of earth]

   Base accuracy: +5 Base damage: 5 Base attack delay: 1.2 This weapon's minimum
   attack delay (0.6) is reached at skill level 12.
   Dex+4:     It affects your dexterity (+4).
   Earth:     It increases the power of your Earth spells.
   It falls into the 'Staves' category.
   It is a one-handed weapon.
 U - a staff of fire
Jewellery
 f - a +5 ring of evasion
 i - the ring "Deul" (right hand) {rC+ Str+3 Dex+6}
   (You found it on level 3 of the Elven Halls)

   [ring of dexterity]

   Str+3:     It affects your strength (+3).
   Dex+6:     It affects your dexterity (+6).
   rC+:       It protects you from cold.
 n - the ring "Nuleic" (left hand) {rF+ rC+ Dex-3 SInv Stlth+}
   (You took it off a frost giant on level 2 of the Depths)

   [ring of protection from cold]

   Dex-3:     It affects your dexterity (-3).
   rF+:       It protects you from fire.
   rC+:       It protects you from cold.
   SInv:      It lets you see invisible.
   Stlth+:    It makes you more stealthy.
 J - the amulet of Lenad (around neck) {Regen+ Stlth+}
   (You bought it in a shop on level 3 of the Dungeon)

   [amulet of regeneration]

   Regen+:    It increases your rate of health regeneration.
   Stlth+:    It makes you more stealthy.
 M - a +6 ring of intelligence
 T - the ring "Ebleenoz" {rN+ Int+6}
   (You found it on level 2 of the Depths)

   [ring of intelligence]

   Int+6:     It affects your intelligence (+6).
   rN+:       It protects you from negative energy.
Wands
 q - a wand of charming (61)
 w - a wand of mindburst (79)
 A - a wand of roots (49)
 I - a wand of digging (17)
 Y - a wand of acid (27)
Scrolls
 d - 23 scrolls of teleportation
 e - 12 scrolls of fog
 h - 6 scrolls of blinking
 m - 10 scrolls of poison
 o - 9 scrolls of immolation
 p - 12 scrolls of vulnerability
 u - 2 scrolls of revelation
 x - 2 scrolls of silence {!r}
 y - 6 scrolls of fear
 D - 5 scrolls of butterflies
Potions
 g - 6 potions of lignification
 s - 18 potions of curing
 z - 10 potions of heal wounds
 B - 5 potions of cancellation
 C - 17 potions of ambrosia
 H - 5 potions of invisibility
 Q - 5 potions of mutation
 R - 6 potions of haste
 S - 7 potions of resistance
 V - 6 potions of brilliance
 W - 10 potions of enlightenment
 X - 4 potions of attraction
 Z - a potion of might
Miscellaneous
 l - a phial of floods
 t - a tin of tremorstones (2/2)
 G - a box of beasts
 L - a lightning rod (4/4)
 P - a phantom mirror


   Skills:
 + Level 20.9 Fighting
 - Level 5.0 Armour
 - Level 2.1 Dodging
 - Level 1.5 Stealth
 - Level 20.0 Shields
 O Level 27 Spellcasting
 O Level 27 Conjurations
 O Level 27 Hexes
   Level 0.0 Charms
 O Level 27 Summonings
 O Level 27 Necromancy
 O Level 27 Translocations
 O Level 27 Transmutations
 O Level 27 Fire Magic
 O Level 27 Ice Magic
 O Level 27 Air Magic
 O Level 27 Earth Magic
 O Level 27 Poison Magic
 O Level 27 Invocations
 - Level 5.0 Evocations


You knew the following spells:

 Your Spells              Type           Power      Damage    Failure   Level
a - Freeze                Ice            100%       1d10      0%          1
b - Frozen Ramparts       Ice            100%       1d16      0%          3
c - Ozocubu's Armour      Ice            100%       N/A       0%          3
d - Summon Ice Beast      Ice/Summ       100%       N/A       0%          4
e - Kiss of Death         Conj/Necr      100%       2d13      0%          1
f - Ensorcelled Hibernat  Hex/Ice        100%       N/A       0%          2
g - Searing Ray           Conj           100%       2d8       0%          2
h - Summon Lightning Spi  Summ/Air       100%       N/A       0%          4
i - Manifold Assault      Tloc           100%       N/A       0%          4
j - Fireball              Conj/Fire      57%        3d22      0%          5
k - Dispersal             Tloc           57%        N/A       0%          6
l - Monstrous Menagerie   Summ           57%        N/A       1%          7
m - Haunt                 Necr/Summ      57%        N/A       1%          7
n - Summon Horrible Thin  Summ           57%        N/A       1%          8
o - Disjunction           Tloc           57%        N/A       1%          8
p - Infestation           Necr           57%        N/A       1%          8
q - Shatter               Erth           69%        3d51*     3%          9
Your spell library was empty.

Dungeon Overview and Level Annotations

Branches:
Dungeon (15/15)            Temple (1/1) D:5            Lair (5/5) D:9
  Swamp (4/4) Lair:3       Spider (4/4) Lair:3        Slime (0/5) Lair:4
    Orc (2/2) D:12            Elf (3/3) Orc:2        Vaults (5/5) D:14
  Crypt (3/3) Vaults:3     Depths (4/4) D:15            Zot (5/5) Depths:4
 Bailey (visited)           IceCv (visited)          WizLab (visited)
Gauntlet (visited)
   Tomb: Crypt:3

Altars:
Ashenzari
Cheibriados
Dithmenos
Elyvilon
Fedhas
Gozag
Hepliaklqana
Makhleb
Nemelex Xobeh
Okawaru
Qazlal
Ru
Trog
Uskayaw
Wu Jian
Xom
Yredelemnul
Zin
The Shining One

Shops:
D:1 [   D:3 =   D:15 *(:   Orc:1 *   Orc:2 ?:?:=*   Elf:2 :   Elf:3 (
Vaults:4 (   Depths:2 !

Portals:
Hell: Lair:5 Depths:1 Depths:2 Depths:3 Depths:4
Abyss: Depths:1 Depths:3
Pandemonium: Depths:2
Ziggurat: Depths:3
Trove: D:11 (show slimy rune of Zot)

Annotations:
D:7 Joseph
Lair:1 2 transporters
Swamp:2 3 runed translucent doors, exclusion: 3 doors, ntxq's ghost, journeyman HOBe
Swamp:4 Roxanne
Orc:1 Baty's ghost, journeyman MiBe
Elf:2 3 runed translucent doors, exclusion: 3 doors
Vaults:1 3 runed translucent doors, exclusion: 3 doors, Maixzijo's ghost, adept DsFE
Vaults:3 Mennas
Vaults:5 !vaults warning!vaults warning
Crypt:3 Sojobo
Depths:1 3 exclusions


Innate Abilities, Weirdness & Mutations

You are immune to sickness and miasma.
You are immune to poison.
Your flesh is very heat resistant. (rF++)
You are vulnerable to cold. (rC-)
You float through the air rather than walking.
You learn spells naturally, not from books.
Your magical power is your life essence.
You have superior vitality. (+4 MHP)
Your mind is acute. (Int +4, Str/Dex -1)
You are clumsy. (Dex -2)
You are strong-willed. (Will+)


Message History

You hear a shout!
You hear a grinding noise.
A cacodemon comes into view.
You see here a +0 whip.
There is a stone staircase leading up here.
The cacodemon gestures at you.
Strange energies course through your body.
You fly upwards.
There is a stone staircase leading down here.
(D) Dungeon (T) Temple (L) Lair (S) Swamp (N) Spider Nest (M) Slime Pits (O) Orcish Mines (E) Elven Halls (V) Vaults (C) Crypt (U) Depths (H) Hell (Z) Zot
Where to? (Tab/Enter - D:1 @ (x,y), ? - help)
There is an open door here.
HP restored.
You hear a grinding noise.
An orange demon comes into view.
A cacodemon comes into view.
You feel a surge of power!
The dungeon rumbles!
The cacodemon is heavily wounded.
A door shatters!
You kill the orange demon!
Qazlal accepts your kill.
Ka-crash!
You feel a surge of power!
The dungeon rumbles!
The cacodemon is heavily wounded.
Ka-crash!
You feel a surge of power!
The dungeon rumbles!
You kill the cacodemon!
Qazlal accepts your kill.
Ka-crash!
There is a staircase leading out of the dungeon here.
You start resting.
A balrug comes into view. It is wielding a +2 demon whip of pain.
The balrug shouts!
You have escaped!

###.............###
##.................##
##.........####......##
##......(.########.....##
#.......####....###.....#
##......###........##....##
#.......##...###...###....######
##......###..#+###...##....#.....
#.......##..###.@##..##....######
#......###..###.##..###....#
#......###...32.....##....##
........##.......#.##....##
........###....#..#......#
........# ##............##
........## #.........####### #
...>.....# ##......#.# ###.## ##
...........#....#...####....####.


You could see a balrug and a sun demon.

Vanquished Creatures
  10 dread liches
  4 ancient liches
  7 orbs of fire
  Mara (Vaults:3)
  the Lernaean hydra (Swamp:4)
  5 Killer Klowns (Zot:5)
  Saint Roka (Depths:1)
  3 curse toes
  3 caustic shrikes
  8 golden dragons
  Nikola (Vaults:2)
  2 bone dragons
  5 electric golems
  An Ice Fiend (Zot:2)
  Jorgrun (Orc:2)
  25 tentacled monstrosities
  4 liches
  A walking earthen tome (Depths:3)
  28 Orb Guardians
  Asterion (Vaults:2)
  10 titans
  6 deep elf master archers (Elf:3)
  A walking frostbound tome (Depths:4)
  5 quicksilver dragons
  2 ancient champions (Crypt:1)
  An Executioner (Zot:3)
  2 deep elf blademasters (Elf:3)
  7 sphinxes
  13 death cobs
  8 tengu reavers
  Kirke (Spider:1)
  17 shadow dragons
  A revenant (Crypt:1)
  7 draconian monks
  A thorn hunter (Swamp:2)
  24 storm dragons
  A fenstrider witch (shapeshifter) (Vaults:3)
  2 fenstrider witches
  2 fire giants (Vaults:5)
  2 iron dragons
  10 draconian knights
  21 vault wardens
  15 frost giants
  6 deep elf sorcerers
  7 ghost moths
  An emperor scorpion (shapeshifter) (Depths:2)
  7 emperor scorpions (Spider:4)
  14 draconian scorchers
  The ghost of Qaemo the Unseen, an adept KoEn of Dithmenos (Orc:1)
  A ghost moth (shapeshifter) (Depths:3)
  7 orc warlords
  3 draconian shifters
  2 deep elf elementalists (Elf:3)
  2 cacodemons
  8 draconian stormcallers
  3 spriggan defenders
  29 stone giants
  4 ghouls
  24 ironbound preservers
  4 war gargoyles
  A broodmother (Spider:1)
  2 formless jellyfish (Vaults:3)
  9 ironbound thunderhulks
  3 draconian annihilators
  A juggernaut skeleton (Crypt:1)
  18 very ugly things
  3 reapers
  3 vampire knights
  15 black draconians
  4 deep elf demonologists
  Nessos (Lair:3)
  9 green draconians
  A minotaur (Gauntlet)
  17 red draconians
  Azrael (D:12)
  7 eleionomae
  6 spark wasps
  18 purple draconians
  14 white draconians
  12 dire elephants
  3 bunyips
  13 deep elf annihilators
  17 yellow draconians
  2 eidola (Crypt:3)
  A lorocyproca (Zot:3)
  17 ettins
  6 deep elf death magi
  A green death (Gauntlet)
  3 statues (WizLab)
  A quicksilver dragon zombie (Crypt:2)
  3 entropy weavers
  A fire dragon (shapeshifter) (Vaults:5)
  2 fire dragons
  7 great orbs of eyes
  5 deep elf high priests
  24 hydras
  45 vault guards
  17 yaktaur captains
  9 ice dragons
  3 rakshasas
  2 peacekeepers (Vaults:4)
  A jorogumo (Spider:2)
  5 caustic shrike simulacra (IceCv)
  5 ogre magi
  A ghost crab (Swamp:4)
  3 radroaches
  5 spriggan air magi
  6 ironbound frosthearts
  An anaconda (shapeshifter) (Vaults:5)
  13 boulder beetles
  8 tengu warriors
  3 death knights
  8 centaur warriors
  11 deep troll shamans
  7 alligators
  5 death yaks
  5 two-headed ogres
  A vampire mage (Depths:3)
  6 spriggan berserkers
  5 demonic crawlers
  3 orc high priests (Orc:2)
  17 deep elf knights
  Nergalle (D:12)
  18 deep troll earth magi
  A skyshark (Lair:5)
  7 goliath frogs
  8 hell knights
  5 soul eaters
  A skyshark (shapeshifter) (Vaults:3)
  A shadow wraith (Crypt:2)
  25 skeletal warriors
  7 pharaoh ants
  5 iron trolls
  2 sixfirhies
  A swamp dragon (shapeshifter) (Vaults:4)
  9 orb spiders
  2 flayed ghosts
  7 spriggan druids
  70 deep trolls
  A deep troll (shapeshifter) (Depths:4)
  12 swamp dragons
  13 wizards
  4 harpies (Vaults:1)
  A tengu zombie (Depths:1)
  15 deep elf archers
  5 glowing orange brains
  A bunyip skeleton (Crypt:1)
  16 lindwurms
  12 bog bodies
  A jorogumo zombie (Crypt:2)
  14 ironbound convokers
  3 steelbarb worms
  26 deep elf zephyrmancers
  23 wolf spiders
  18 orc knights
  2 orange crystal statues (IceCv)
  A spriggan simulacrum (D:15)
  2 wolf spider zombies
  4 orc sorcerers (Orc:2)
  15 phantasmal warriors
  3 will-o-the-wisps
  9 necromancers
  A fenstrider witch simulacrum (Crypt:1)
  27 deep elf pyromancers
  46 ugly things
  7 cyclopes
  2 frost giant zombies (Depths:1)
  44 moths of wrath
  4 manticores
  A moth of wrath (shapeshifter) (Vaults:5)
  14 elephants
  2 centaur zombies
  A fire giant skeleton (Depths:1)
  A frost giant skeleton (Depths:1)
  28 slime creatures
  A salamander (shapeshifter) (Vaults:5)
  Maurice (D:8)
  6 black mambas
  A stone giant skeleton (Crypt:1)
  24 vault sentinels
  A water nymph (shapeshifter) (Depths:3)
  4 torpor snails
  5 orange demons
  5 unseen horrors
  2 gargoyles (D:12)
  8 cane toads
  2 human zombies (Vaults:1)
  6 kobold demonologists
  A naga skeleton (Crypt:1)
  A white draconian zombie (Crypt:2)
  2 rime drakes (Lair:5)
  2 smoke demons
  31 yaktaurs
  A komodo dragon (shapeshifter) (Depths:4)
  An anaconda simulacrum (IceCv)
  4 komodo dragons
  A bunyip simulacrum (Crypt:1)
  2 golden dragon simulacra (IceCv)
  A spark wasp simulacrum (Depths:1)
  17 tengu conjurers
  10 freezing wraiths
  A red draconian skeleton (Crypt:1)
  2 ice devils (Lair:5)
  8 trolls
  4 meliai
  A red devil (Gauntlet)
  A human skeleton (Vaults:1)
  2 bloated husks (Swamp:4)
  3 large abominations (Depths:1)
  26 tarantellas
  A queen bee (D:14)
  A tarantella zombie (Crypt:1)
  A spriggan zombie (Depths:1)
  31 hornets
  5 tyrant leeches
  11 blink frogs
  A human simulacrum (Vaults:1)
  10 fire dragon skeletons (Crypt:2)
  2 ettin zombies
  28 spriggans
  22 culicivoras
  22 jumping spiders
  An ettin skeleton (Depths:1)
  A shadow (Crypt:3)
  8 water elementals
  A centaur simulacrum (D:15)
  A vampire (D:12)
  2 air elementals
  18 humans (D:14)
  7 wyverns
  3 basilisks
  A basilisk (shapeshifter) (Depths:3)
  A fire elemental (D:12)
  3 hogs (Spider:1)
  A steam dragon (Lair:3)
  6 wraiths
  A chaos spawn (Depths:1)
  14 yaks
  A vampire mosquito (D:6)
  3 minotaur simulacra (D:15)
  32 redbacks
  13 swamp worms
  A glowing shapeshifter zombie (Depths:1)
  7 wargs
  3 acid dragons
  3 harpy simulacra
  A floating eye (shapeshifter) (Vaults:5)
  6 hell hounds
  3 hydra simulacra (IceCv)
  30 orc warriors
  3 floating eyes
  7 water moccasins
  12 swamp drakes
  A sky beast (shapeshifter) (D:13)
  8 small abominations (Depths:1)
  A black mamba simulacrum (Crypt:1)
  An ice beast (D:6)
  5 boggarts (Vaults:1)
  7 ogres
  2 ettin simulacra (IceCv)
  9 wolves (Lair:5)
  An alligator simulacrum (IceCv)
  A snapping turtle skeleton (Crypt:1)
  5 centaurs
  A vine stalker zombie (Crypt:2)
  A salamander zombie (Crypt:1)
  5 bullfrogs
  6 kobold brigands
  9 necrophages
  5 wyvern skeletons (Crypt:3)
  2 deep troll simulacra (D:15)
  An earth elemental (Swamp:4)
  3 scorpions
  3 wights
  A raiju zombie (Crypt:2)
  2 lindwurm simulacra
  27 killer bees
  2 jellies (D:6)
  3 crimson imps (Gauntlet)
  15 orc priests
  2 hounds (D:5)
  A sleepcap (D:3)
  14 orc wizards
  2 hell rats (Lair:2)
  3 iguanas
  A hound skeleton (Crypt:2)
  Robin (D:2)
  4 gnolls (D:4)
  9 adders
  A river rat (shapeshifter) (Depths:3)
  5 river rats (Lair:2)
  A shadow imp (D:7)
  2 white imps
  An ufetubus (D:5)
  A lava snake zombie (Crypt:2)
  3 worms
  An adder skeleton (Crypt:2)
  3 dart slugs
  50 orcs
  7 ball pythons
  3 bats
  4 endoplasms
  A giant cockroach (D:2)
  7 hobgoblins
  7 jackals (D:1)
  2 quokkas
  A bat (shapeshifter) (Vaults:5)
  2 frilled lizards (D:2)
  19 goblins
  A jackal zombie (Crypt:1)
  22 kobolds
  3 rats
  A butterfly (Lair:2)
2218 creatures vanquished.

Vanquished Creatures (collateral kills)
  Xtahua (Depths:3)
  Gastronok (D:9)
  A tengu reaver (Depths:4)
  11 fire giants
  A draconian monk (Depths:4)
  A curse skull (Vaults:3)
  A draconian annihilator (Depths:4)
  2 very ugly things
  A dire elephant (Vaults:3)
  A yellow draconian (Depths:4)
  A black draconian (Depths:4)
  A red draconian (Depths:4)
  6 statues (WizLab)
  12 fire dragons
  2 crystal guardians (Vaults:4)
  2 hydras (Lair:5)
  An ice dragon (Depths:2)
  A boulder beetle (D:14)
  2 centaur warriors (D:8)
  3 two-headed ogres
  19 dancing weapons
  2 hell hogs (Depths:4)
  A deep troll shaman (Depths:2)
  A soul eater (Depths:3)
  5 hell knights
  3 sun demons
  A skyshark (Lair:4)
  A fire crab (shapeshifter) (D:13)
  A wolf spider zombie (Crypt:2)
  A deep elf pyromancer (Elf:1)
  9 ugly things
  A salamander (D:15)
  7 elephants
  2 smoke demons (Depths:4)
  2 black mambas
  An orange demon (Lair:5)
  2 cane toads
  A kobold demonologist (D:9)
  2 rime drakes
  3 komodo dragons
  A tengu conjurer (D:14)
  An ice devil (Lair:5)
  A troll (D:10)
  A polar bear (Lair:5)
  A blink frog (Lair:3)
  2 slime creatures (D:12)
  2 wyverns
  7 fire elementals
  20 yaks
  2 basilisks
  A steam dragon (D:8)
  A swamp worm (Gauntlet)
  6 water moccasins
  2 hell hounds (Lair:5)
  6 orc warriors
  A black bear (D:8)
  An ogre (D:7)
  3 centaurs
  10 kobold brigands
  2 earth elementals (Elf:2)
  A scorpion (D:7)
  5 bullfrogs
  11 wights
  8 killer bees
  A howler monkey (D:7)
  A jelly (D:8)
  A sleepcap (D:6)
  A hound (D:7)
  An orc wizard (D:9)
  A gnoll (D:8)
  A shadow imp (D:8)
  A white imp (D:8)
  10 orcs
  9 kobolds
240 creatures vanquished.

Vanquished Creatures (others)
  A fire giant (Depths:4)
  A hydra (Swamp:4)
  A human (Spider:1)
  10 foxfires
13 creatures vanquished.

Grand Total: 2471 creatures vanquished

Notes
Turn   | Place    | Note
-------+----------+-------------------------------------------
     0 | D:1      | Wizard1ke the Djinni Ice Elementalist began the quest for
                  | the Orb.
     0 | D:1      | Wizard1ke set off with the following spells memorised:
                  | Freeze, Frozen Ramparts, Ozocubu's Armour, Summon Ice
                  | Beast.
     0 | D:1      | Reached XP level 1. HP: 15/15 MP: 0/0
   439 | D:1      | Reached XP level 2. HP: 20/21 MP: 0/0
   692 | D:1      | Reached XP level 3. HP: 20/25 MP: 0/0
   692 | D:1      | Learned a level 1 spell: Kiss of Death
   743 | D:1      | Found Giatt's Antique Armour Shoppe.
   755 | D:1      | Found a faded altar of an unknown god.
  1083 | D:2      | Noticed Robin
  1203 | D:1      | Reached XP level 4. HP: 9/31 MP: 0/0
  1297 | D:2      | Killed Robin
  1358 | D:2      | Identified the +0 cloak "Wamaa" {Harm rC+ Str+2 Int-2}
  1679 | D:2      | Reached XP level 5. HP: 30/35 MP: 0/0
  1679 | D:2      | Learned a level 2 spell: Ensorcelled Hibernation
  2126 | D:3      | Found Qereim's Jewellery Boutique.
  2147 | D:3      | Reached skill level 5 in Spellcasting
  2147 | D:3      | Reached skill level 5 in Conjurations
  2147 | D:3      | Reached skill level 5 in Hexes
  2147 | D:3      | Reached skill level 5 in Summonings
  2147 | D:3      | Reached skill level 5 in Necromancy
  2147 | D:3      | Reached skill level 5 in Translocations
  2147 | D:3      | Reached skill level 5 in Transmutations
  2147 | D:3      | Reached skill level 5 in Fire Magic
  2147 | D:3      | Reached skill level 5 in Ice Magic
  2147 | D:3      | Reached skill level 5 in Air Magic
  2147 | D:3      | Reached skill level 5 in Earth Magic
  2147 | D:3      | Reached skill level 5 in Poison Magic
  2740 | D:3      | Noticed a kobold brigand
  2892 | D:3      | Noticed a kobold brigand
  2897 | D:3      | Killed a kobold brigand
  2898 | D:3      | Reached XP level 6. HP: 32/40 MP: 0/0
  3170 | D:4      | Found an iron altar of Okawaru.
  3170 | D:4      | Found a hazy altar of Hepliaklqana.
  3318 | D:4      | Reached XP level 7. HP: 22/45 MP: 0/0
  3318 | D:4      | Learned a level 2 spell: Searing Ray
  4056 | D:5      | Entered Level 5 of the Dungeon
  5022 | D:5      | Reached XP level 8. HP: 48/50 MP: 0/0
  5078 | D:5      | Found a staircase to the Ecumenical Temple.
  5091 | Temple   | Entered the Ecumenical Temple
  5122 | Temple   | Became a worshipper of Qazlal Stormbringer
  5596 | D:6      | Noticed a wraith
  5985 | D:6      | Killed a wraith
  6227 | D:5      | Reached XP level 9. HP: 28/55 MP: 0/0
  6227 | D:5      | Learned a level 4 spell: Summon Lightning Spire
  6401 | D:6      | Reached skill level 1 in Fighting
  6681 | D:7      | Noticed Joseph
  7801 | D:8      | Noticed Maurice
  7902 | D:8      | Reached skill level 5 in Fighting
  7902 | D:8      | Reached skill level 1 in Shields
  7902 | D:8      | Reached XP level 10. HP: 54/70 MP: 0/0
  7903 | D:8      | Killed Maurice
  8029 | D:4      | Reached * piety under Qazlal
  8077 | D:3      | Bought the amulet of Lenad {Regen+ Stlth+} for 398 gold
                  | pieces
  8282 | D:8      | Reached skill level 10 in Spellcasting
  8282 | D:8      | Reached skill level 10 in Conjurations
  8282 | D:8      | Reached skill level 10 in Hexes
  8282 | D:8      | Reached skill level 10 in Summonings
  8282 | D:8      | Reached skill level 10 in Necromancy
  8282 | D:8      | Reached skill level 10 in Translocations
  8282 | D:8      | Reached skill level 10 in Transmutations
  8282 | D:8      | Reached skill level 10 in Fire Magic
  8282 | D:8      | Reached skill level 10 in Ice Magic
  8282 | D:8      | Reached skill level 10 in Air Magic
  8282 | D:8      | Reached skill level 10 in Earth Magic
  8282 | D:8      | Reached skill level 10 in Poison Magic
  8351 | D:8      | Noticed a two-headed ogre
  8363 | D:8      | Killed a two-headed ogre
  8364 | D:8      | Reached skill level 5 in Shields
  8396 | D:8      | Identified the ring "Hotis" {*Slow Fly Str+5 Int+6}
  8741 | D:8      | Noticed a centaur warrior
  8745 | D:8      | Noticed a centaur warrior
  8746 | D:8      | Killed a centaur warrior
  8750 | D:8      | Killed a centaur warrior
  8751 | D:8      | Reached XP level 11. HP: 32/75 MP: 0/0
  8751 | D:8      | Learned a level 4 spell: Manifold Assault
  8891 | D:8      | Noticed a two-headed ogre
  8909 | D:8      | Killed a two-headed ogre
  8910 | D:8      | Reached skill level 10 in Shields
  9086 | D:9      | Found a flagged portal.
  9091 | Bailey   | Entered a bailey
  9120 | Bailey   | Reached ** piety under Qazlal
  9199 | Bailey   | Identified the +3 leather armour of Lust {rElec}
  9264 | Bailey   | Found a bloodstained altar of Trog.
  9272 | Bailey   | Identified the +0 mace of the Curious Wishes {vamp, rCorr
                  | Str+2 Int+3}
  9379 | D:9      | Found a staircase to the Lair.
  9555 | D:9      | Noticed Gastronok
  9624 | D:9      | Killed Gastronok
  9771 | D:9      | Reached *** piety under Qazlal
  9868 | D:9      | Noticed a two-headed ogre
  9880 | D:9      | Killed a two-headed ogre
  9881 | D:9      | Reached skill level 1 in Invocations
  9881 | D:9      | Reached XP level 12. HP: 84/85 MP: 0/0
 10020 | D:10     | Entered Level 10 of the Dungeon
 10863 | D:11     | Noticed a boulder beetle
 10869 | D:11     | Killed a boulder beetle
 10898 | D:11     | Noticed a two-headed ogre
 10904 | D:11     | Killed a two-headed ogre
 11028 | D:11     | Identified the +9 hand axe "Omess" {speed, *Slow Fly Int+3
                  | Dex+3}
 11131 | D:11     | Found a stormy altar of Qazlal.
 11290 | D:11     | Found a portal to a secret trove of treasure.
 11423 | Lair:1   | Entered Level 1 of the Lair of Beasts
 11475 | Lair:1   | Identified the +2 dagger "Abooteu" {pain, rElec rPois Int-2
                  | Stlth+}
 11488 | Lair:1   | Reached skill level 5 in Invocations
 11628 | Lair:1   | Reached **** piety under Qazlal
 11890 | Lair:1   | Found a transporter.
 11892 | Lair:1   | Found a transporter.
 11892 | Lair:1   | Noticed a boulder beetle
 11894 | Lair:1   | Noticed a boulder beetle
 12323 | Lair:2   | Reached XP level 13. HP: 94/94 MP: 0/0
 12323 | Lair:2   | Learned a level 5 spell: Fireball
 12447 | Lair:2   | Reached skill level 10 in Fighting
 13408 | Lair:3   | Reached ***** piety under Qazlal
 13582 | Lair:3   | Found a hole to the Spider Nest.
 13631 | Lair:3   | Noticed Nessos
 13634 | Lair:3   | Killed Nessos
 13638 | Lair:3   | Reached XP level 14. HP: 90/103 MP: 0/0
 13646 | Lair:3   | Found a staircase to the Swamp.
 13657 | Lair:3   | Noticed an eleionoma
 13661 | Lair:3   | Killed an eleionoma
 14253 | Lair:4   | Reached skill level 10 in Invocations
 14759 | Lair:4   | Found a staircase to the Slime Pits.
 14900 | Lair:5   | Entered Level 5 of the Lair of Beasts
 15383 | Lair:5   | Reached XP level 15. HP: 104/107 MP: 0/0
 15383 | Lair:5   | Learned a level 6 spell: Dispersal
 15895 | Lair:5   | Found a burning altar of Makhleb.
 15901 | Lair:5   | Found a gateway to Hell.
 16234 | D:12     | Found a gate leading to a gauntlet.
 16244 | D:12     | Gained mutation: Armour fits poorly on your strangely
                  | shaped body. [a neqoxec]
 16281 | D:12     | Found a staircase to the Orcish Mines.
 16292 | Gauntlet | Entered a Gauntlet
 16292 | Gauntlet | Found a transporter.
 16292 | Gauntlet | Found a transporter.
 16306 | Gauntlet | Found a transporter.
 16306 | Gauntlet | Found a transporter.
 16322 | Gauntlet | Found a transporter.
 16330 | Gauntlet | Found a transporter.
 16334 | Gauntlet | Found a transporter.
 16342 | Gauntlet | Found a transporter.
 16361 | Gauntlet | Found a transporter.
 16376 | Gauntlet | Found a transporter.
 16379 | Gauntlet | Found a transporter.
 16387 | Gauntlet | Found a transporter.
 16625 | Gauntlet | Reached ****** piety under Qazlal
 16677 | Gauntlet | Found the +8 autumn katana {manifold assault}
 16682 | Gauntlet | Identified the +10 orcbow "Beastbane" {freeze, rC+ Will+}
 16829 | D:12     | Noticed Azrael
 16832 | D:12     | Killed Azrael
 16950 | D:12     | Reached skill level 1 in Evocations
 17211 | D:12     | You are sucked into a shaft and drop 1 floor!
 17659 | D:13     | Identified the +0 robe of Meosuc {Int+3}
 18118 | D:13     | Reached XP level 16. HP: 105/113 MP: 0/0
 18139 | D:13     | Found a basalt altar of Yredelemnul.
 18527 | D:14     | Reached skill level 5 in Evocations
 18945 | D:14     | Found a gate to the Vaults.
 19017 | D:14     | Found an iron altar of Okawaru.
 19416 | D:14     | Reached skill level 15 in Spellcasting
 19416 | D:14     | Reached skill level 15 in Conjurations
 19416 | D:14     | Reached skill level 15 in Hexes
 19416 | D:14     | Reached skill level 15 in Summonings
 19416 | D:14     | Reached skill level 15 in Necromancy
 19416 | D:14     | Reached skill level 15 in Translocations
 19416 | D:14     | Reached skill level 15 in Transmutations
 19416 | D:14     | Reached skill level 15 in Fire Magic
 19416 | D:14     | Reached skill level 15 in Ice Magic
 19416 | D:14     | Reached skill level 15 in Air Magic
 19416 | D:14     | Reached skill level 15 in Earth Magic
 19416 | D:14     | Reached skill level 15 in Poison Magic
 19574 | D:15     | Entered Level 15 of the Dungeon
 19603 | D:15     | Reached skill level 15 in Invocations
 19730 | D:15     | Found Wihiq's Assorted Antiques.
 19745 | D:15     | Found a frozen archway.
 19774 | IceCv    | Entered an ice cave
 20005 | IceCv    | Reached XP level 17. HP: 59/119 MP: 0/0
 20005 | IceCv    | Learned a level 7 spell: Monstrous Menagerie
 20155 | D:15     | Found Zoomymuw's Antique Weapon Emporium.
 20364 | D:15     | Identified the +0 robe of the Eleven Beasts {rElec rPois
                  | Will- rCorr}
 20414 | D:15     | Found Xiukhlaske's Book Emporium.
 20456 | D:15     | Found a staircase to the Depths.
 20823 | Orc:1    | Entered Level 1 of the Orcish Mines
 20825 | Orc:1    | Noticed Nergalle
 20833 | D:12     | Killed Nergalle
 21367 | Orc:2    | Entered Level 2 of the Orcish Mines
 21371 | Orc:2    | Found Ekhi's Jewellery Shop.
 21508 | Orc:2    | Noticed Jorgrun
 21525 | Orc:2    | Killed Jorgrun
 21944 | Orc:2    | Found Wigguil's Book Emporium.
 21964 | Orc:2    | Found Oriezohi's Book Shop.
 21974 | Orc:2    | Found Kos Xadd's Magic Scroll Shop.
 21976 | Orc:2    | Found Vionurchu's Magic Scroll Emporium.
 21984 | Orc:2    | Bought a scroll of enchant armour for 90 gold pieces
 21986 | Orc:2    | Bought a scroll of fear for 48 gold pieces
 21986 | Orc:2    | Bought a scroll of fear for 48 gold pieces
 21986 | Orc:2    | Bought a scroll of teleportation for 36 gold pieces
 21986 | Orc:2    | Bought a scroll of teleportation for 36 gold pieces
 21986 | Orc:2    | Bought a scroll of enchant armour for 90 gold pieces
 21986 | Orc:2    | Bought a scroll of vulnerability for 48 gold pieces
 21986 | Orc:2    | Bought a scroll of blinking for 90 gold pieces
 21986 | Orc:2    | Bought a scroll of butterflies for 48 gold pieces
 21988 | Orc:2    | Bought a scroll of vulnerability for 48 gold pieces
 21988 | Orc:2    | Bought a scroll of fog for 48 gold pieces
 21988 | Orc:2    | Bought a scroll of poison for 48 gold pieces
 21988 | Orc:2    | Bought a scroll of poison for 48 gold pieces
 22013 | Orc:2    | Found a staircase to the Elven Halls.
 22040 | Orc:2    | Found Fezuoho's Assorted Antiques.
 22052 | Orc:2    | Bought a scroll of blinking for 202 gold pieces
 22052 | Orc:2    | Bought a scroll of teleportation for 81 gold pieces
 22052 | Orc:2    | Bought a smoky emerald potion for 24 gold pieces
 22226 | Orc:1    | Found Asueton's Assorted Antiques.
 22237 | Orc:1    | Found a runed translucent gate.
 22237 | Orc:1    | Found a runed translucent gate.
 22237 | Orc:1    | Found a runed translucent gate.
 22239 | Orc:1    | Bought a smoky emerald potion for 18 gold pieces
 22239 | Orc:1    | Noticed Qaemo's ghost (adept KoEn)
 22242 | Orc:1    | Noticed Baty's ghost (journeyman MiBe)
 22255 | Orc:1    | Killed Qaemo's ghost
 22498 | Swamp:1  | Entered Level 1 of the Swamp
 23138 | Swamp:2  | Noticed a thorn hunter
 23139 | Swamp:2  | Killed a thorn hunter
 23286 | Swamp:2  | Found a runed translucent gate.
 23287 | Swamp:2  | Found a runed translucent gate.
 23288 | Swamp:2  | Found a runed translucent gate.
 23288 | Swamp:2  | Noticed ntxq's ghost (journeyman HOBe)
 23291 | Swamp:2  | Noticed a tentacled monstrosity
 23461 | Swamp:2  | Identified the +7 spear of Dopeicl Uwav {holy, Will+++
                  | Int+2 Dex-3}
 23853 | Swamp:3  | Reached XP level 18. HP: 112/124 MP: 0/0
 23870 | Swamp:3  | Identified the +3 great sword of Intuition {flame, rF+ rC+
                  | Dex+4 Stlth+}
 24515 | Swamp:4  | Entered Level 4 of the Swamp
 24515 | Swamp:4  | Noticed Roxanne
 24917 | Swamp:4  | Noticed the 27-headed Lernaean hydra
 24959 | Swamp:4  | Killed the 27-headed Lernaean hydra
 24986 | Swamp:4  | Got a decaying rune of Zot
 25018 | Swamp:4  | Identified the +2 pair of gloves "Jaolic" {Rampage Fly}
 25609 | Vaults:1 | Entered Level 1 of the Vaults
 25628 | Vaults:1 | Reached XP level 19. HP: 58/135 MP: 0/0
 25628 | Vaults:1 | Learned a level 7 spell: Haunt
 26893 | Vaults:1 | Found a runed translucent door.
 27143 | Vaults:1 | Found a runed translucent gate.
 27143 | Vaults:1 | Found a runed translucent gate.
 27144 | Vaults:1 | Found a runed translucent gate.
 27144 | Vaults:1 | Noticed Maixzijo's ghost (adept DsFE)
 27145 | Vaults:1 | Noticed a lich
 27357 | Vaults:2 | Noticed Asterion
 27682 | Vaults:2 | Killed Asterion
 27796 | Vaults:2 | Noticed Nikola
 27801 | Vaults:2 | Killed Nikola
 28137 | Vaults:2 | Reached XP level 20. HP: 135/143 MP: 0/0
 29253 | Vaults:3 | Noticed Mennas
 29462 | Vaults:3 | Reached skill level 15 in Fighting
 29778 | Vaults:3 | Noticed a bone dragon
 29825 | Vaults:3 | Noticed Mara
 30220 | Vaults:2 | Killed a bone dragon
 30322 | Vaults:3 | Reached XP level 21. HP: 88/155 MP: 0/0
 30322 | Vaults:3 | Learned a level 8 spell: Summon Horrible Things
 30877 | Vaults:3 | Found a staircase to the Crypt.
 30882 | Vaults:3 | You are sucked into a shaft and drop 1 floor!
 30954 | Vaults:4 | Noticed a golden dragon
 30972 | Vaults:4 | Killed a golden dragon
 31073 | Vaults:4 | Noticed a dread lich
 31082 | Vaults:4 | Killed a dread lich
 31358 | Vaults:3 | Killed Mara
 31457 | Vaults:3 | Noticed a golden dragon
 32167 | Vaults:3 | Identified 2 scrolls of acquirement
 32168 | Vaults:3 | Acquired the +2 pair of gloves "Cobral" {SInv}
 32540 | Vaults:3 | Killed a golden dragon
 32742 | Vaults:4 | Reached XP level 22. HP: 153/161 MP: 0/0
 32742 | Vaults:4 | Reached XP level 23. HP: 158/166 MP: 0/0
 32742 | Vaults:4 | Learned a level 8 spell: Disjunction
 33274 | Vaults:4 | Reached skill level 15 in Shields
 33887 | Vaults:4 | Found Eloal's Weapon Boutique.
 34167 | Vaults:4 | Acquired 989 gold pieces
 34169 | Vaults:4 | Acquired the +2 hat of Iliehumm {Will+ Dex+7}
 34183 | Vaults:4 | Upgraded the game from 0.31-a0-542-gdc2a678 to
                  | 0.31-a0-543-geaa9c7a
 34492 | Elf:1    | Entered Level 1 of the Elven Halls
 35757 | Elf:2    | Found Cievata's Book Shop.
 35837 | Elf:2    | Reached XP level 24. HP: 153/173 MP: 0/0
 35878 | Elf:2    | Found a runed translucent gate.
 35879 | Elf:2    | Found a runed translucent gate.
 35879 | Elf:2    | Found a runed translucent gate.
 36336 | Elf:3    | Entered Level 3 of the Elven Halls
 36838 | Elf:3    | Found Dosomulo's Antique Weapon Shop.
 37708 | Elf:3    | Identified the ring of the Oni {rPois Dex+4}
 37731 | Elf:3    | Identified the +3 leather armour "Huihic" {Fly rElec rPois
                  | Int-3}
 37870 | Elf:3    | Identified the +3 rapier of Inflation {drain, Str+2}
 37872 | Elf:3    | Identified the ring "Deul" {rC+ Str+3 Dex+6}
 37887 | Elf:3    | Identified the +3 scale mail of Nagum {rElec rN+ Dex+4
                  | Slay-5}
 37957 | Elf:3    | Identified the +4 sling of Buemnuq {heavy, rCorr}
 37985 | Elf:3    | Identified the +2 orcbow of Fragile Peace {drain, rElec
                  | Will+}
 38462 | Depths:1 | Entered Level 1 of the Depths
 38509 | Depths:1 | Reached skill level 1 in Armour
 38783 | Depths:1 | Found a one-way gate to the infinite horrors of the Abyss.
 39303 | Depths:1 | Identified the +0 great mace of Dishonour {drain, Int+3}
 39756 | Depths:1 | Noticed Saint Roka
 39773 | Depths:1 | Killed Saint Roka
 40050 | Depths:2 | Reached skill level 5 in Armour
 40246 | Depths:2 | Found Gasedgh's Distillery.
 40254 | Depths:2 | Bought a potion of heal wounds for 85 gold pieces
 40254 | Depths:2 | Bought a potion of lignification for 51 gold pieces
 40254 | Depths:2 | Bought a potion of brilliance for 68 gold pieces
 40254 | Depths:2 | Bought a potion of haste for 170 gold pieces
 40254 | Depths:2 | Bought a potion of mutation for 136 gold pieces
 40254 | Depths:2 | Bought a potion of invisibility for 136 gold pieces
 40559 | Depths:2 | Reached XP level 25. HP: 154/178 MP: 0/0
 40559 | Depths:2 | Learned a level 8 spell: Infestation
 40835 | Depths:2 | You are sucked into a shaft and drop 1 floor!
 40835 | Depths:3 | Noticed a caustic shrike
 40857 | Depths:3 | Killed a caustic shrike
 41021 | Depths:3 | Found a one-way gateway to a ziggurat.
 41278 | Depths:2 | Noticed a caustic shrike
 41281 | Depths:2 | Found a burning altar of Makhleb.
 41294 | Depths:2 | Noticed a caustic shrike
 41300 | Depths:2 | Killed a caustic shrike
 41303 | Depths:2 | Identified the ring "Irosith" {Fire Fly rN++ Str-2}
 41417 | Depths:2 | Identified the ring "Nuleic" {rF+ rC+ Dex-3 SInv Stlth+}
 41544 | Depths:2 | Identified the ring "Ebleenoz" {rN+ Int+6}
 41547 | Depths:2 | Identified the ring "Finun" {rPois MP+9}
 41634 | Depths:2 | Found a one-way gate leading to the halls of Pandemonium.
 42284 | Depths:3 | Noticed Xtahua
 42305 | Depths:3 | Killed Xtahua
 42315 | Depths:2 | Killed a caustic shrike
 42465 | Depths:3 | Found an opulent altar of Gozag.
 43156 | Depths:3 | Reached XP level 26. HP: 164/184 MP: 0/0
 43425 | Depths:4 | Entered Level 4 of the Depths
 44624 | Depths:4 | Found a gate to the Realm of Zot.
 45513 | Crypt:1  | Entered Level 1 of the Crypt
 46959 | Crypt:2  | Found a magical portal.
 46969 | WizLab   | Entered Iskenderun's Mystic Tower
 47499 | WizLab   | Got Iskenderun's Codex of Combat Magic
 47499 | WizLab   | Got Iskenderun's Information on Power
 47586 | WizLab   | Reached XP level 27. HP: 107/190 MP: 0/0
 47586 | WizLab   | Learned a level 9 spell: Shatter
 48641 | Crypt:3  | Entered Level 3 of the Crypt
 48722 | Crypt:3  | Noticed Sojobo
 48729 | Crypt:3  | Paralysed by an air elemental for 1 turns
 48999 | Vaults:5 | Entered Level 5 of the Vaults
 49002 | Vaults:5 | Reached skill level 27 in Spellcasting
 49002 | Vaults:5 | Reached skill level 27 in Conjurations
 49002 | Vaults:5 | Reached skill level 27 in Hexes
 49002 | Vaults:5 | Reached skill level 27 in Summonings
 49002 | Vaults:5 | Reached skill level 27 in Necromancy
 49002 | Vaults:5 | Reached skill level 27 in Translocations
 49002 | Vaults:5 | Reached skill level 27 in Transmutations
 49002 | Vaults:5 | Reached skill level 27 in Fire Magic
 49002 | Vaults:5 | Reached skill level 27 in Ice Magic
 49002 | Vaults:5 | Reached skill level 27 in Air Magic
 49002 | Vaults:5 | Reached skill level 27 in Earth Magic
 49002 | Vaults:5 | Reached skill level 27 in Poison Magic
 49003 | Vaults:5 | Noticed an ancient lich
 49005 | Vaults:5 | Killed an ancient lich
 49184 | Vaults:5 | Noticed a dread lich
 49187 | Vaults:5 | Noticed a dread lich
 49460 | Vaults:5 | Killed a dread lich
 49460 | Vaults:5 | Killed a dread lich
 50335 | Vaults:5 | Identified the +1 rapier of Jucwun {heavy, Str+3}
 50385 | Vaults:5 | Found the +4 skin of Zhor {*Englaciate rC+++ SInv}
 50387 | Vaults:5 | Identified the +11 chain mail of the Illusory Spines {rN+
                  | Will+}
 50393 | Vaults:5 | Got a silver rune of Zot
 50412 | Vaults:5 | Identified the +2 robe of Hairy the Good {Slay+2}
 50595 | Vaults:5 | Identified the staff of the Living Dead {Dex+4 Earth}
 51474 | Spider:1 | Entered Level 1 of the Spider Nest
 51487 | Spider:1 | Noticed Kirke
 51650 | Spider:1 | Killed Kirke
 53409 | Spider:4 | Entered Level 4 of the Spider Nest
 54251 | Spider:4 | Got a gossamer rune of Zot
 54937 | Zot:1    | Entered Level 1 of the Realm of Zot
 55813 | Zot:1    | Lost mutation: Armour fits poorly on your strangely shaped
                  | body. [potion of mutation]
 55813 | Zot:1    | Gained mutation: You passively map a small area around you.
                  | [potion of mutation]
 55813 | Zot:1    | Gained mutation: You are weak. (Str -2) [potion of
                  | mutation]
 56415 | Zot:1    | Found a glowing silver altar of Zin.
 56579 | Zot:1    | You are sucked into a shaft and drop 1 floor!
 57908 | Zot:2    | Noticed a dread lich
 57910 | Zot:2    | Killed a dread lich
 57910 | Zot:2    | Noticed a dread lich
 57910 | Zot:2    | Noticed a dread lich
 57911 | Zot:2    | Killed a dread lich
 57911 | Zot:2    | Noticed a dread lich
 57912 | Zot:2    | Killed a dread lich
 57912 | Zot:2    | Killed a dread lich
 57913 | Zot:2    | Killed a dread lich
 58317 | Zot:3    | Noticed an orb of fire
 58322 | Zot:3    | Killed an orb of fire
 58495 | Zot:3    | Noticed an orb of fire
 58499 | Zot:3    | Gained mutation: You are clumsy. (Dex -2) [an orb of fire]
 58508 | Zot:3    | Gained mutation: Your spells are a little easier to cast,
                  | but a little less powerful. [an orb of fire]
 58518 | Zot:3    | Killed an orb of fire
 58735 | Zot:2    | Lost mutation: You are weak. (Str -2) [potion of mutation]
 58735 | Zot:2    | Lost mutation: You passively map a small area around you.
                  | [potion of mutation]
 58735 | Zot:2    | Lost mutation: Your spells are a little easier to cast, but
                  | a little less powerful. [potion of mutation]
 58735 | Zot:2    | Gained mutation: Your mind is acute. (Int +4, Str/Dex -1)
                  | [potion of mutation]
 58735 | Zot:2    | Gained mutation: You are strong-willed. (Will+) [potion of
                  | mutation]
 61150 | Zot:5    | Entered Level 5 of the Realm of Zot
 61668 | Zot:5    | Noticed an orb of fire
 61670 | Zot:5    | Noticed an orb of fire
 61676 | Zot:5    | Noticed a Killer Klown
 61676 | Zot:5    | Noticed a Killer Klown
 61678 | Zot:5    | Killed an orb of fire
 61678 | Zot:5    | Killed an orb of fire
 61678 | Zot:5    | Killed a Killer Klown
 61678 | Zot:5    | Killed a Killer Klown
 61697 | Zot:5    | Noticed a Killer Klown
 61699 | Zot:5    | Killed a Killer Klown
 61709 | Zot:5    | Noticed a dread lich
 61710 | Zot:5    | Killed a dread lich
 61711 | Zot:5    | Noticed an orb of fire
 61811 | Zot:5    | Killed an orb of fire
 62015 | Zot:5    | Noticed an orb of fire
 62022 | Zot:5    | Killed an orb of fire
 62022 | Zot:5    | Noticed a Killer Klown
 62025 | Zot:5    | Killed a Killer Klown
 62026 | Zot:5    | Noticed an ancient lich
 62142 | Zot:5    | Killed an ancient lich
 62142 | Zot:5    | Noticed a Killer Klown
 62148 | Zot:5    | Killed a Killer Klown
 62222 | Zot:5    | Noticed an ancient lich
 62223 | Zot:5    | Killed an ancient lich
 62259 | Zot:5    | Noticed an orb of fire
 62265 | Zot:5    | Killed an orb of fire
 62351 | Zot:5    | Noticed an ancient lich
 62352 | Zot:5    | Killed an ancient lich
 62440 | Zot:5    | Reached skill level 27 in Invocations
 62465 | Zot:5    | Noticed a dread lich
 62467 | Zot:5    | Killed a dread lich
 62527 | Zot:5    | Got the Orb of Zot
 62529 | Zot:5    | Noticed Wepte the pandemonium lord
 63067 | D:$      | Escaped with the Orb!

Illustrated notes

Levels and vault maps discovered:
D:1:      dpeg_arrival_snail, layout_loops_corners,
          dreamdust_ecumenical_altar_grove, serial_shops,
          nicolae_shop_tiny_real_fake_doors
D:2:      layout_rooms, minmay_pentomino_o2, uniq_robin
D:3:      cheibrodos_thug_alley, layout_loops_corners, serial_shops, shop
D:4:      layout_basic, gammafunk_temple_overflow_elements, minmay_misc_feat_x
D:5:      layout_gridville, minmay_temple_entry_offerings, minmay_circle_x
D:6:      layout_rooms, minmay_quadrilaterals
D:7:      layout_loops_ring, uniq_joseph
D:8:      kennysheep_windowed_halls, layout_rooms, uniq_maurice
D:9:      layout_roguey, grunt_lair_entry_orc_guard_hut, enter_bailey_3,
          nicolae_the_louvre, uniq_gastronok
D:10:     layout_stronghold
D:11:     layout_gridville, enter_trove_1, grunt_qazlal_clouds
D:12:     layout_roguey, david_orc_3, gauntlet_entry_generic, dk_noncrumbling_4,
          uniq_azrael
D:13:     nzn_winding_woodlands_small [nzn_winding_woodlands_5x15_pockets,
          nzn_winding_woodlands_center_garden,
          nzn_winding_woodlands_5x15_pathside_ponds], layout_loops_ring,
          drop_trap, lemuel_zombie_altar_yredelemnul
D:14:     layout_roguey, grunt_vaults_entry_tiered, okawaru_ov_weapons_minmay,
          special_room [special_room_bee]
D:15:     hangedman_depths_entry_try_elsewhere_first, layout_basic,
          serial_shops, shop, nicolae_inconvenience_store, shop,
          glass_columns_a, portal_ice_cave_entry_ice_simulacra
Temple:   mainiacjoe_temple_big_plus
Lair:1:   gammafunk_boulding_lane, layout_loops_ring, lemuel_fruit_tree
Lair:2:   layout_cave_pods, kennysheep_rathole, lemuel_fruit_fields
Lair:3:   layout_cave_pods, alex1729_swamp_entry_worm_eleionoma,
          nicolae_spider_entry_lesser_pyramids, uniq_nessos
Lair:4:   layout_regular_city, slime_entry_1
Lair:5:   evil_forest, layout_regular_city, nicolae_lair_run_with_the_wolves
Swamp:1:  layout_falls_marsh, serial_swamp_ruin, evilmike_swamp_ruin_house_3,
          evilmike_swamp_ruin_house_2, evilmike_swamp_ruin_house_4
Swamp:2:  layout_basic_swamp, gammafunk_ghost_split, evilmike_swamp_ruin_wall
Swamp:3:  layout_basic_swamp, nicolae_swamp_big_swirl, swamp_pool5,
          cheibrodos_swamp_witchery
Swamp:4:  grunt_swamp_rune_castle, layout_basic_swamp, nzn_swamp_blast_mining,
          uniq_roxanne
Spider:1: layout_spider_delve, beargit_elvish_explorers, uniq_kirke
Spider:2: layout_spider_delve, drop_trap, nicolae_spider_rock_and_or_roll
Spider:3: layout_spider_delve
Spider:4: spider_rune_water
Orc:1:    nicolae_orc_accident_3, layout_diamond_mine, serial_shops, shop,
          basic_altar, gammafunk_ghost_cemetery, uniq_nergalle
Orc:2:    st_orc_elflike, layout_caves, serial_shops, shop,
          nicolae_shop_just_a_little_nook, uniq_jorgrun
Elf:1:    nicolae_elf_arrival_aired_out, layout_gridlike,
          kennysheep_underground_church, grunt_megastairs_3
Elf:2:    nicolae_elf_blades_crystal_corner, layout_onion_city, serial_shops,
          nicolae_shop_gibbet_a_chance, minivault_4
Elf:3:    minmay_elf_hall_furrowed, layout_loops_corners, serial_shops,
          nicolae_shop_waterfront, serial_aquarium, aquarium_bridge_long_joined
          [aquarium_subvault_window, aquarium_subvault_bridge,
          aquarium_subvault_bridge, aquarium_subvault_window,
          aquarium_subvault_window, aquarium_subvault_bridge],
          aquarium_window_2, aquarium_window_fake, aquarium_view_2d,
          aquarium_view_2c, aquarium_balcony_3b, corexii_hall_statues_u,
          nicolae_elf_martial_mastery
Vaults:1: gammafunk_ghost_necromancy, nicolae_vaults_storage_closets_2,
          vaults_mumra_chevron_long, nicolae_vaults_oozy_zoo,
          nicolae_vaults_border_crossing, v_misc_25, grunt_vaults_focal,
          nicolae_vaults_little_squares_4, layout_vaults_omnigrid
Vaults:2: v_misc_12, st_check, vaults_mumra_minichess, v_misc_26,
          hangedman_vaults_unwind, vaults_room_fancy_cross,
          nicolae_vaults_closet_pinwheel_6, grunt_vaults_swirl,
          nicolae_vaults_little_squares_4, layout_vaults_omnibox, uniq_nikola,
          uniq_asterion
Vaults:3: minmay_crypt_entry_nasty_monster, st_greater_box_3,
          nicolae_vaults_gold_heap, nicolae_vaults_doubleplus_tesselated,
          nicolae_vaults_network_quinsquares
          [nicolae_vaults_network_quincunx_subvault,
          nicolae_vaults_network_quincunx_subvault,
          nicolae_vaults_network_quincunx_subvault,
          nicolae_vaults_network_quincunx_subvault], v_misc_23,
          nicolae_vaults_big_ls, nicolae_vaults_double_plus_2,
          nicolae_vaults_two_Ls, nicolae_vaults_tetromino_T_1,
          hangedman_vaults_maws, nicolae_vaults_double_plus_1,
          layout_vaults_omnicross, serial_shops, uniq_mennas, uniq_mara
Vaults:4: dpeg_vaults_monster_box, nicolae_vaults_triangles, v_misc_12,
          vaults_room_octagon, grunt_vaults_twisty, v_misc_19,
          ontoclasm_vaults_decontamination, nicolae_vaults_little_squares_4,
          vaults_mumra_hex, nicolae_vaults_tetromino_Z_1,
          layout_vaults_chaotic_city
Vaults:5
Crypt:1:  layout_basic
Crypt:2:  cheibrodos_crypt_draghalla, layout_chaotic_city, mu_enter_wizlab_2,
          grunt_ministairs_8
Crypt:3:  evilmike_haunted_forest, uniq_sojobo, uniq_josephina, uniq_boris
Depths:1: layout_roguey, minmay_room_of_horrors, hangedman_tar_grid_catacomb,
          hellmonk_guarded_unrand_dark_maul, nicolae_integral_box,
          uniq_saint_roka
Depths:2: minmay_the_grid_triangle_9x9_line_8_mashed
          [minmay_the_grid_triangle_9x9_flanged_cone,
          minmay_the_grid_triangle_9x9_alien,
          minmay_the_grid_triangle_9x9_shrine,
          minmay_the_grid_triangle_9x9_from_above,
          minmay_the_grid_triangle_9x9_impossible_snake,
          minmay_the_grid_triangle_9x9_checkered,
          minmay_the_grid_triangle_9x9_cache,
          minmay_the_grid_triangle_9x9_prize_special], layout_basic,
          serial_shops, nicolae_shop_industrial_runoff, serial_glass,
          glass_columns_b, glass_columns_c, glass_columns_a, glass_columns_b,
          pan_entry, kiku_gazebo_pond_becter, hell_entry,
          infiniplex_staircase_pool_lava, firewood_loft
Depths:3: evilmike_diamond_2, layout_gridlike, ziggurat_fallback,
          abyss_entry_small_statue_room, nicolae_gozag_seed_capital,
          grunt_hell_entry_dis_old, uniq_xtahua
Depths:4: grunt_zot_entry_pinwheel, layout_gridlike, hellmouth_3
Zot:1:    nicolae_zot_draconian_monastery, layout_gridlike
Zot:2:    hellmonk_paralyzer, layout_gridlike, grunt_megastairs_2
Zot:3:    nicolae_zot_stationary_front, layout_gridlike, evilmike_ambush
          [evilmike_ambush_outer_basic, evilmike_ambush_inner_basic]
Zot:4:    layout_gridlike, zot_minivault_1, grunt_megastairs_4, lemuel_elevator
Zot:5:    layout_twisted_circle, grunt_ministairs_9, st_stairs_10

Skill      XL: |  1  2  3  4  5  6  7  8  9 10 11 12 13 14 15 16 17 18 19 20 21 22 23 24 25 26 27 |
---------------+----------------------------------------------------------------------------------+-----
Spellcasting   | 4 5 6 7 8 9 10 11 12 13 14 15 17 18 20 21 22 23 25 26 27 | 27.0
Conjurations   | 4 5 6 7 8 9 10 11 12 13 14 15 17 18 20 21 22 23 25 26 27 | 27.0
Hexes          | 4 5 6 7 8 9 10 11 12 13 14 15 17 18 20 21 22 23 25 26 27 | 27.0
Summonings     | 4 5 6 7 8 9 10 11 12 13 14 15 17 18 20 21 22 23 25 26 27 | 27.0
Necromancy     | 4 5 6 7 8 9 10 11 12 13 14 15 17 18 20 21 22 23 25 26 27 | 27.0
Translocations | 4 5 6 7 8 9 10 11 12 13 14 15 17 18 20 21 22 23 25 26 27 | 27.0
Transmutations | 4 5 6 7 8 9 10 11 12 13 14 15 17 18 20 21 22 23 25 26 27 | 27.0
Fire Magic     | 4 5 6 7 8 9 10 11 12 13 14 15 17 18 20 21 22 23 25 26 27 | 27.0
Ice Magic      | 4 5 6 7 8 9 10 11 12 13 14 15 17 18 20 21 22 23 25 26 27 | 27.0
Air Magic      | 4 5 6 7 8 9 10 11 12 13 14 15 17 18 20 21 22 23 25 26 27 | 27.0
Earth Magic    | 4 5 6 7 8 9 10 11 12 13 14 15 17 18 20 21 22 23 25 26 27 | 27.0
Poison Magic   | 4 5 6 7 8 9 10 11 12 13 14 15 17 18 20 21 22 23 25 26 27 | 27.0
Fighting       | 5 7 9 10 12 15 20 | 20.9
Shields        | 1 8 10 11 14 15 20 | 20.0
Invocations    | 1 5 9 12 13 15 27 | 27.0
Evocations     | 4 5 |  5.0
Armour         | 5 |  5.0
Dodging        | |  2.1
Stealth        | |  1.5

Action                     |  1- 3 |  4- 6 |  7- 9 | 10-12 | 13-15 | 16-18 | 19-21 | 22-24 | 25-27 || total
---------------------------+-------+-------+-------+-------+-------+-------+-------+-------+-------++-------
  Melee: Staff             |     1 |    11 |       |     1 |     2 |       |     1 |     3 |     4 ||    23
  Throw: Dart              |       |       |       |     4 |     1 |     4 |       |       |       ||     9
   Cast: Freeze            |    31 |    28 |       |       |       |       |       |       |       ||    59
         Frozen Ramparts   |     9 |    25 |     4 |       |     1 |       |       |       |       ||    39
         Ozocubu's Armour  |       |     8 |    12 |       |       |       |       |       |       ||    20
         Searing Ray       |       |       |    55 |    47 |    17 |     6 |       |       |       ||   125
         Summon Lightning  |       |       |    20 |    59 |    37 |    15 |    13 |     1 |       ||   145
         Fireball          |       |       |       |       |   300 |   527 |   505 |   432 |   636 ||  2400
         Dispersal         |       |       |       |       |       |    11 |    21 |     1 |    18 ||    51
         Haunt             |       |       |       |       |       |       |    10 |    67 |   115 ||   192
         Infestation       |       |       |       |       |       |       |       |       |     3 ||     3
         Shatter           |       |       |       |       |       |       |       |       |   597 ||   597
 Invoke: Disaster Area     |       |       |       |       |     1 |     4 |     8 |       |    25 ||    38
         Upheaval          |       |       |       |       |       |       |     4 |       |       ||     4
  Evoke: Lightning rod     |       |       |       |       |     6 |       |       |       |       ||     6
         Phial of floods   |       |       |       |       |       |     1 |     1 |       |       ||     2
         Phantom mirror    |       |       |       |       |       |       |       |     1 |       ||     1
    Use: Potion            |       |     1 |     1 |       |       |       |     1 |     1 |    17 ||    21
         Scroll            |       |       |    11 |     4 |     4 |     5 |    15 |     5 |    13 ||    57
   Stab: Sleeping          |       |     1 |       |       |       |       |       |       |       ||     1
 Armour: Robe              |     3 |     8 |    18 |     1 |       |       |       |       |       ||    30
         Steam dragon scal |       |       |       |     2 |       |       |       |       |       ||     2
         Troll leather arm |       |       |       |     6 |     6 |       |       |       |       ||    12
         Leather armour    |       |       |       |     1 |     4 |     8 |    10 |    12 |    43 ||    78
         Scale mail        |       |       |       |       |       |       |       |     1 |     7 ||     8
  Dodge: Dodged            |    13 |    38 |    67 |    34 |    22 |    22 |    33 |    27 |   114 ||   370
         Repelled          |       |       |       |       |     5 |     2 |     1 |     3 |    23 ||    34
  Block: Kite shield       |       |       |       |    72 |    62 |    56 |    25 |       |       ||   215
         Tower shield      |       |       |       |       |       |       |    84 |   138 |   300 ||   522

Table legend: (Time is in decaauts)
 A = Elapsed time spent in this place.
 B = Non-inter-level travel time spent in this place.
 C = Inter-level travel time spent in this place.
 D = Time resting spent in this place.
 E = Time spent auto-exploring this place.
 F = Levels seen in this place.
 G = Mean time per level.
                   A        B        C        D        E       F      G
               +--------+--------+--------+--------+--------+-----+--------+
         Total |  63140 |  57344 |   5796 |   9048 |  34714 |  55 | 1148.0 |
       Dungeon |  16401 |  14257 |   2144 |   1834 |   9462 |  15 | 1093.4 |
        Temple |     61 |      2 |     59 |      0 |      0 |   1 |   61.0 |
          Lair |   5164 |   4659 |    505 |    269 |   3478 |   5 | 1032.8 |
         Swamp |   2876 |   2634 |    242 |    312 |   1799 |   4 |  719.0 |
   Spider Nest |   2959 |   2859 |    100 |    274 |   2196 |   4 |  739.8 |
  Orcish Mines |   1611 |   1410 |    201 |    156 |    862 |   2 |  805.5 |
   Elven Halls |   3799 |   3578 |    221 |    413 |   2219 |   3 | 1266.3 |
        Vaults |  11042 |   9952 |   1090 |   1934 |   5671 |   5 | 2208.4 |
         Crypt |   2164 |   2055 |    109 |    174 |   1379 |   3 |  721.3 |
        Depths |   7770 |   6774 |    996 |   1471 |   3389 |   4 | 1942.5 |
           Zot |   7300 |   7175 |    125 |   1694 |   3871 |   5 | 1460.0 |
        Bailey |    236 |    236 |      0 |      0 |     73 |   1 |  236.0 |
      Ice Cave |    344 |    344 |      0 |    161 |     20 |   1 |  344.0 |
        Wizlab |    959 |    959 |      0 |    334 |    187 |   1 |  959.0 |
      Gauntlet |    448 |    448 |      0 |     21 |    108 |   1 |  448.0 |
               +--------+--------+--------+--------+--------+-----+--------+

Top non-repeatable levels by time:
Vaults:4: 3011 daAuts
Vaults:3: 2805 daAuts
Vaults:2: 2491 daAuts
Depths:3: 2268 daAuts
Depths:1: 1916 daAuts
Depths:4: 1876 daAuts
   Elf:3: 1823 daAuts
Vaults:1: 1716 daAuts
Depths:2: 1709 daAuts
   Zot:1: 1674 daAuts
   Zot:2: 1541 daAuts
    D:14: 1528 daAuts
   Zot:4: 1499 daAuts
   Zot:3: 1473 daAuts
     D:3: 1396 daAuts
